 Dungeon Crawl Stone Soup version 0.30.0-30-g96aa6591b8 (webtiles) character file.

Game seed: 11527253389850300650

74 Dadi the Conjurer (level 4, -4/24 HPs)
             Began as a Deep Elf Conjurer on June 27, 2023.
             Slain by an iguana (6 damage)
             ... on level 3 of the Dungeon.
             The game lasted 00:01:47 (2160 turns).

Dadi the Conjurer (Deep Elf Conjurer)               Turns: 2160, Time: 00:01:48

Health: -4/24      AC:  2    Str:  4    XL:     4   Next: 10%
Magic:  11/12      EV: 12    Int: 25    God:
Gold:   57         SH:  0    Dex: 13    Spells: 6/12 levels left

rFire   . . .        f - +0 whip (drain)
rCold   . . .        (no shield)
rNeg    . . .        a - +0 robe
rPois   .            (no helmet)
rElec   .            (no cloak)
rCorr   .            (no gloves)
SInv    .            (no boots)
Will    .....        (no amulet)
Stlth   ++           (no ring)
HPRegen 0.24/turn    (no ring)
MPRegen 0.13/turn

%: no passive effects
@: no status effects
A: no striking features
a: no special abilities


You were on level 3 of the Dungeon.
You visited 1 branch of the dungeon, and saw 3 of its levels.

You collected 57 gold pieces.

Inventory:

Hand Weapons
 f - a +0 whip of draining (weapon)
 o - a +0 dagger of speed
Armour
 a - a +0 robe (worn)
Scrolls
 c - a scroll of blinking {unknown}
 e - a scroll of noise {unknown}
 h - 2 scrolls of fog {unknown}
 i - a scroll of fear {unknown}
 j - a scroll of poison {unknown}
 l - a scroll of enchant armour {unknown}
 p - a scroll of identify {unknown}
Potions
 b - 2 potions of magic
 d - a potion of flight {unknown}
 g - a potion of might {unknown}
 k - a potion of curing {unknown}
 m - 2 potions of mutation {unknown}
 n - a potion of brilliance {unknown}


   Skills:
 - Level 2.4 Dodging
 - Level 2.4 Stealth
 + Level 4.7 Spellcasting
 + Level 5.4 Conjurations


You had 6 spell levels left.
You knew the following spells:

 Your Spells              Type           Power      Damage    Failure   Level
a - Magic Dart            Conj           100%       1d8       1%          1
b - Searing Ray           Conj           64%        2d6       1%          2
c - Dazzling Flash        Conj/Hex       38%        N/A       9%          3

Your spell library contained the following spells:

 Spells                   Type           Power      Damage    Failure   Level
 Sublimation of Blood     Necr           5%         N/A       13%         2
 Wereblood                Tmut           5%         N/A       13%         2
 Fulminant Prism          Conj/Hex       9%         3d7       28%         4
 Iskenderun's Mystic Bla  Conj/Tloc      19%        2d6       28%         4
 Summon Hydra             Summ           2%         N/A       100%        7


Dungeon Overview and Level Annotations

Branches:
Dungeon (3/15)

Altars:
Cheibriados


Message History

The magic dart hits the adder.
The adder is severely wounded.
An adder is nearby!
The magic dart hits the adder.
You kill the adder!
You have reached level 4!
You feel clever.
h - 2 scrolls labelled WEREOBUIRA (gained 1)
A bat comes into view.
A bat is nearby!
A bat is nearby!
The magic dart hits the bat!
You kill the bat!
Found 5 boomerangs of dispersal.
You can't see any susceptible monsters within range! (Use Z to cast anyway.)
A rat comes into view.
The rat moves out of view.
You can't see any susceptible monsters within range! (Use Z to cast anyway.)
The magic dart hits the rat!
You kill the rat!
Key pressed, stopping explore.
You can't see any susceptible monsters within range! (Use Z to cast anyway.)
You see here 5 boomerangs of dispersal.
An iguana comes into view.
The iguana hisses angrily.
The magic dart hits the iguana but does no damage.
The iguana bites you.
An iguana is nearby!
The magic dart hits the iguana.
The iguana is lightly wounded.
The iguana bites you!
Ouch! That really hurt!
An iguana is nearby!
You are too injured to fight recklessly!
The iguana attacks as you move away! The iguana bites you!
* * * LOW HITPOINT WARNING * * *
The iguana attacks as you move away! The iguana barely misses you.
The iguana attacks as you move away! The iguana closely misses you.
The iguana attacks as you move away! The iguana bites you.
You die...

.........#.#.....#######
........##.#...........#
#.......................
##........####.....###.#
............#.........#
#.......##.##+#....###
####.......##.##........##
....>.....l........(.....##
..........@#########.......
...........## #.#####.
......#.###<########.####..
#######.###.##..........†..
.........##.##.#####.####..
#############..##.# #......#.#
...............##.## #.###..#.#
#.############.##.##.#.#.#....#
#.# #.##.##.#...##.#.#


You could see an iguana.

Vanquished Creatures
  An adder (D:3)
  A worm (D:2)
  4 dart slugs
  An orc (D:2)
  8 bats
  6 endoplasms
  A giant cockroach (D:1)
  8 goblins
  3 hobgoblins
  A jackal (D:1)
  5 kobolds
  3 quokkas (D:1)
  2 ball pythons (D:1)
  4 frilled lizards
  2 rats
50 creatures vanquished.

Notes
Turn   | Place    | Note
-------+----------+-------------------------------------------
     0 | D:1      | Dadi the Deep Elf Conjurer began the quest for the Orb.
     0 | D:1      | Reached XP level 1. HP: 10/10 MP: 6/6
   183 | D:1      | Reached XP level 2. HP: 15/15 MP: 4/8
   597 | D:1      | Reached skill level 5 in Conjurations
   597 | D:1      | Reached XP level 3. HP: 18/18 MP: 8/10
   697 | D:1      | Learned a level 2 spell: Searing Ray
   701 | D:1      | Learned a level 3 spell: Dazzling Flash
  1341 | D:2      | Found a snail-covered altar of Cheibriados.
  2067 | D:3      | Reached XP level 4. HP: 24/24 MP: 7/12
  2156 | D:3      | HP: 1/24 [iguana (8)]
  2160 | D:3      | Slain by an iguana

Illustrated notes

Levels and vault maps discovered:
D:1:      lightli_arrival_windingriver, layout_basic, minmay_pentomino_p2
D:2:      layout_loops_ring, basic_altar
D:3:      layout_basic, serial_shops, nicolae_shop_stone

Skill      XL: |  1  2 |
---------------+-------+-----
Spellcasting   | 4 |  4.7
Conjurations   | 5 |  5.4
Dodging        | |  2.4
Stealth        | |  2.4

Action                     |  1- 3 |  4- 6 || total
---------------------------+-------+-------++-------
   Cast: Magic Dart        |    92 |     4 ||    96
 Armour: Robe              |     1 |       ||     1
  Dodge: Dodged            |     8 |     2 ||    10
